[Event "44th Chess Olympiad Women 2022"]
[Site "Chennai"]
[Date "2022.08.02"]
[Round "5.18"]
[White "Paasikangas, Johanna"]
[Black "Worek, Joanna"]
[Result "1/2-1/2"]
[ECO "B13"]
[WhiteElo "2155"]
[BlackElo "2280"]
[Annotator "NA RC"]
[PlyCount "101"]
[EventDate "2022.07.29"]
[EventType "team-tourn"]
[EventCountry "IND"]
[SourceTitle "playchess.com"]
[Source "ChessBase"]
[SourceQuality "1"]
[WhiteTeam "Finland"]
[BlackTeam "Czech Republic"]
[WhiteTeamCountry "FIN"]
[BlackTeamCountry "CZE"]
[TimeControl "40/5400+30:1800+30"]

1. d4 d5 2. Bf4 c5 3. Nc3 Nf6 4. e3 cxd4 5. exd4 Bf5 6. Nb5 Na6 7. c3 h6 8. h3 g5 9. Bh2 Bg7 10. g4 Bg6 11. Bd3 Qb6 12. Qe2 Bxd3 13. Qxd3 Rc8 14. a4 Ne4 15. f3 Nf6 16. Ne2 Ra8 17. O-O Nd7 18. f4 h5 19. fxg5 hxg4 20. Qf5 Qe6 21. Qxe6 fxe6 22. hxg4 Rh4 23. Rf4 Nf8 24. Bg3 Rh7 25. Rf3 Ng6 26. Nf4 Nxf4 27. Rxf4 Kd7 28. Re1 Bh8 29. Kg2 Rg8 30. Nxa7 Rxg5 31. Nb5 e5 32. dxe5 Bxe5 33. Rf5 Bxg3 34. Kxg3 Rxf5 35. gxf5 Nc5 36. a5 Ne4+ 37. Kf4 Rh2 38. b4 Rh4+ 39. Ke5 Nf6 40. Nd4 Rh3 41. Ne2 Rf3 42. b5 Re3+ 43. Kd4 Re4+ 44. Kd3 Ra4 45. Nd4 Rxa5 46. Re5 Ra1 47. Kc2 Rf1 48. Kb3 Kd6 49. Re6+ Kd7 50. Re5 Kd6 51. Re6+ 1/2-1/2

[Event "44th Chess Olympiad Women 2022"]
[Site "Chennai"]
[Date "2022.08.02"]
[Round "5.18"]
[White "Norlamo, Sarabella"]
[Black "Koubova, Anna Marie"]
[Result "0-1"]
[ECO "E18"]
[WhiteElo "1925"]
[BlackElo "2115"]
[Annotator "NA RC"]
[PlyCount "72"]
[EventDate "2022.07.29"]
[EventType "team-tourn"]
[EventCountry "IND"]
[SourceTitle "playchess.com"]
[Source "ChessBase"]
[SourceQuality "1"]
[WhiteTeam "Finland"]
[BlackTeam "Czech Republic"]
[WhiteTeamCountry "FIN"]
[BlackTeamCountry "CZE"]
[TimeControl "40/5400+30:1800+30"]

1. d4 Nf6 2. c4 e6 3. Nf3 b6 4. g3 Bb7 5. Bg2 Be7 6. O-O O-O 7. Re1 d6 8. Nc3 c5 9. d5 exd5 10. cxd5 b5 11. e4 b4 12. Nb1 Nbd7 13. Nbd2 Nb6 14. a3 a5 15. b3 Nfd7 16. Bb2 Bf6 17. Qc2 Re8 18. Bxf6 Qxf6 19. a4 Ba6 20. Bf1 Bxf1 21. Kxf1 c4 22. bxc4 Nc5 23. Kg2 Nbxa4 24. Rac1 Nc3 25. Ng1 Qg6 26. f3 a4 27. Ne2 Nxe2 28. Rxe2 Qf6 29. Rb1 b3 30. Qc1 a3 31. Rxb3 a2 32. e5 Nxb3 33. Nxb3 Rxe5 34. Rf2 Ree8 35. Na1 Reb8 36. Qe1 Rb1 0-1

[Event "44th Chess Olympiad Women 2022"]
[Site "Chennai"]
[Date "2022.08.02"]
[Round "5.19"]
[White "Yakubbaeva, Nilufar"]
[Black "Vo, Thi Kim Phung"]
[Result "0-1"]
[ECO "D35"]
[WhiteElo "2299"]
[BlackElo "2333"]
[Annotator "RC"]
[PlyCount "78"]
[EventDate "2022.07.29"]
[EventType "team-tourn"]
[EventCountry "IND"]
[SourceTitle "playchess.com"]
[Source "ChessBase"]
[SourceQuality "1"]
[WhiteTeam "Uzbekistan"]
[BlackTeam "Vietnam"]
[WhiteTeamCountry "UZB"]
[BlackTeamCountry "VIE"]
[TimeControl "40/5400+30:1800+30"]

1. c4 e6 2. Nc3 d5 3. cxd5 exd5 4. d4 Nf6 5. Bg5 Be7 6. e3 c6 7. Bd3 h6 8. Bh4 O-O 9. Nge2 Re8 10. O-O Nbd7 11. Rc1 Bd6 12. Ng3 Nf8 13. Nf5 Bxf5 14. Bxf5 Ng6 15. Bxg6 fxg6 16. Bg3 Bxg3 17. hxg3 Qd7 18. Ne2 g5 19. Rc2 Re7 20. Nc1 Rf8 21. Nd3 Ng4 22. a4 Qf5 23. b4 Rxe3 24. Ne5 Re4 25. Nxg4 Rxg4 26. f3 Rxg3 27. Re2 h5 28. Re7 h4 29. Qe1 Qf6 30. Rxb7 Qxd4+ 31. Kh1 Qf6 32. Rxa7 g4 33. f4 Ra3 34. Qd1 h3 35. Qxg4 hxg2+ 36. Kxg2 Ra2+ 37. Kg3 Qc3+ 38. Qf3 Qxb4 39. Rg1 Qd4 0-1

[Event "44th Chess Olympiad Women 2022"]
[Site "Chennai"]
[Date "2022.08.02"]
[Round "5.19"]
[White "Hoang, Thi Bao Tram"]
[Black "Omonova, Umida"]
[Result "1-0"]
[ECO "A07"]
[WhiteElo "2288"]
[BlackElo "2195"]
[Annotator "NA RC"]
[PlyCount "77"]
[EventDate "2022.07.29"]
[EventType "team-tourn"]
[EventCountry "IND"]
[SourceTitle "playchess.com"]
[Source "ChessBase"]
[SourceQuality "1"]
[WhiteTeam "Vietnam"]
[BlackTeam "Uzbekistan"]
[WhiteTeamCountry "VIE"]
[BlackTeamCountry "UZB"]
[TimeControl "40/5400+30:1800+30"]

1. Nf3 d5 2. g3 Bg4 3. Bg2 Nd7 4. O-O e5 5. d3 Ngf6 6. h3 Bh5 7. Nh4 c6 8. Nf5 Bg6 9. e4 Bxf5 10. exf5 Qc7 11. c4 dxc4 12. dxc4 Bc5 13. Nd2 Rd8 14. Nb3 Bb6 15. Qe2 Nc5 16. Be3 Nxb3 17. axb3 Nd7 18. Qg4 Kf8 19. Rfe1 f6 20. b4 h5 21. Qe2 Bxe3 22. Qxe3 Nb6 23. Qc5+ Kg8 24. b5 Kh7 25. Rxa7 Nc8 26. Raa1 Nd6 27. bxc6 bxc6 28. g4 hxg4 29. hxg4 e4 30. Ra6 Rc8 31. Ra7 Qb8 32. Rd7 Rhd8 33. Rxd8 Rxd8 34. Qxc6 Rc8 35. Qd5 Nxc4 36. Qxe4 Qxb2 37. g5 Ne5 38. Qh4+ Kg8 39. Bd5+ 1-0

[Event "44th Chess Olympiad Women 2022"]
[Site "Chennai"]
[Date "2022.08.02"]
[Round "5.19"]
[White "Bach, Ngoc Thuy Duong"]
[Black "Malikova, Marjona"]
[Result "1-0"]
[ECO "E35"]
[WhiteElo "2192"]
[BlackElo "1756"]
[Annotator "RC"]
[PlyCount "113"]
[EventDate "2022.07.29"]
[EventType "team-tourn"]
[EventCountry "IND"]
[SourceTitle "playchess.com"]
[Source "ChessBase"]
[SourceQuality "1"]
[WhiteTeam "Vietnam"]
[BlackTeam "Uzbekistan"]
[WhiteTeamCountry "VIE"]
[BlackTeamCountry "UZB"]
[TimeControl "40/5400+30:1800+30"]

1. d4 Nf6 2. c4 e6 3. Nc3 Bb4 4. Qc2 d5 5. cxd5 exd5 6. Bg5 O-O 7. e3 h6 8. Bxf6 Qxf6 9. a3 Bf5 10. Qb3 Bxc3+ 11. Qxc3 Rc8 12. Ne2 Nd7 13. b4 a5 14. Ng3 Bg6 15. Rc1 axb4 16. axb4 Ra2 17. Be2 h5 18. Qb3 Rca8 19. Qxd5 h4 20. Nh5 Qe7 21. O-O Rxe2 22. Rxc7 Rd8 23. Nf4 Be4 24. Qb3 Rd2 25. f3 Bd3 26. Re1 Bb5 27. Qc3 Ra2 28. Rxb7 Qg5 29. Kh1 Ba6 30. Rc7 Nb6 31. Qb3 Nd5 32. Rc5 Rd2 33. Rxd5 Rxd5 34. Qxd5 Qxd5 35. Nxd5 h3 36. gxh3 Bb7 37. e4 Rxd4 38. Ne3 Rxb4 39. Kg2 Rb6 40. Kg3 Kh7 41. h4 Rb3 42. Kf4 Rb2 43. Rc1 Ba6 44. Rc7 Rb7 45. Rc5 Be2 46. h5 Rb5 47. Rc2 Bd3 48. Rc7 Rxh5 49. Ng4 Kg8 50. Ne5 Be2 51. Nxf7 Rxh2 52. Ng5 g6 53. Ke5 Bd3 54. Kf6 Rc2 55. Rg7+ Kf8 56. Ne6+ Ke8 57. Re7# 1-0

[Event "44th Chess Olympiad Women 2022"]
[Site "Chennai"]
[Date "2022.08.02"]
[Round "5.19"]
[White "Bobomurodova, Maftuna"]
[Black "Nguyen, Thi Mai Hung"]
[Result "1/2-1/2"]
[ECO "C08"]
[WhiteElo "1914"]
[BlackElo "2223"]
[Annotator "NA RC"]
[PlyCount "83"]
[EventDate "2022.07.29"]
[EventType "team-tourn"]
[EventCountry "IND"]
[SourceTitle "playchess.com"]
[Source "ChessBase"]
[SourceQuality "1"]
[WhiteTeam "Uzbekistan"]
[BlackTeam "Vietnam"]
[WhiteTeamCountry "UZB"]
[BlackTeamCountry "VIE"]
[TimeControl "40/5400+30:1800+30"]

1. e4 e6 2. d4 d5 3. Nd2 c5 4. exd5 exd5 5. Bb5+ Bd7 6. Qe2+ Be7 7. dxc5 Nf6 8. Ngf3 O-O 9. O-O Re8 10. Nb3 Bxc5 11. Qd3 Bb6 12. Bg5 Nc6 13. c3 a6 14. Bxc6 bxc6 15. Rfe1 a5 16. Rxe8+ Bxe8 17. Nbd4 Qd6 18. Nf5 Qe6 19. N3d4 Qe5 20. Qg3 Qxg3 21. hxg3 Ne4 22. Be3 c5 23. Ne2 Kf8 24. Nf4 Bc6 25. f3 Nf6 26. Nd3 g6 27. Bh6+ Ke8 28. Re1+ Kd8 29. Bg5 c4+ 30. Kf1 gxf5 31. Bxf6+ Kc7 32. Nf4 Bc5 33. Be7 Bd6 34. Bxd6+ Kxd6 35. Ne2 Rb8 36. Rb1 Bd7 37. Nd4 Ke5 38. Re1+ Kf6 39. Re2 Rb7 40. Kf2 Rb8 41. Kf1 Rb7 42. Kf2 1/2-1/2

[Event "44th Chess Olympiad Women 2022"]
[Site "Chennai"]
[Date "2022.08.02"]
[Round "5.20"]
[White "Brunello, Marina"]
[Black "Nilssen, Ellen Fredericia"]
[Result "0-1"]
[ECO "B51"]
[WhiteElo "2341"]
[BlackElo "2142"]
[Annotator "RC"]
[PlyCount "138"]
[EventDate "2022.07.29"]
[EventType "team-tourn"]
[EventCountry "IND"]
[SourceTitle "playchess.com"]
[Source "ChessBase"]
[SourceQuality "1"]
[WhiteTeam "Italy"]
[BlackTeam "Denmark"]
[WhiteTeamCountry "ITA"]
[BlackTeamCountry "DEN"]
[TimeControl "40/5400+30:1800+30"]

1. e4 c5 2. Nf3 d6 3. Bb5+ Nd7 4. Ba4 a6 5. c4 Ngf6 6. Nc3 g6 7. O-O Bg7 8. h3 O-O 9. d3 e5 10. Be3 Ne8 11. Qd2 f5 12. exf5 gxf5 13. Bg5 Bf6 14. Rae1 Nc7 15. Bh6 Bg7 16. Nh2 Ne6 17. Bxg7 Kxg7 18. Ne2 f4 19. Nc3 Nf6 20. Bd1 Rb8 21. Ng4 Nd4 22. Nh2 Bf5 23. Nf3 Kh8 24. Kh2 Qd7 25. b3 Rg8 26. Nxd4 cxd4 27. Nb1 Qf7 28. Bf3 Qg6 29. Rd1 Rg7 30. Rg1 Rbg8 31. Qe2 Qh6 32. c5 Qh4 33. Rh1 dxc5 34. Nd2 Bg4 35. Rhf1 Qh5 36. Rg1 Qh4 37. Rgf1 Qh5 38. Rg1 Nd5 39. Bxg4 Rxg4 40. Rde1 f3 41. Qxe5+ Qxe5+ 42. Rxe5 Rxg2+ 43. Rxg2 Rxg2+ 44. Kh1 Rxf2 45. Rxd5 Rxd2 46. Kg1 Rxa2 47. Rxc5 Rd2 48. Rc8+ Kg7 49. Rc7+ Kg6 50. Rxb7 Kg5 51. Rf7 Rxd3 52. Kf2 Rxb3 53. Rxh7 a5 54. Rd7 Rd3 55. Ra7 a4 56. Rxa4 Kf4 57. Ra2 Rd1 58. Rb2 Rh1 59. Rb8 Rh2+ 60. Kf1 d3 61. Rf8+ Ke3 62. Re8+ Kd2 63. Rd8 Kc2 64. Rc8+ Kd1 65. Rd8 d2 66. Rc8 Rxh3 67. Kf2 Rh7 68. Kxf3 Rf7+ 69. Kg2 Rf5 0-1

[Event "44th Chess Olympiad Women 2022"]
[Site "Chennai"]
[Date "2022.08.02"]
[Round "5.20"]
[White "Guindy, Esmat Susanne"]
[Black "Zimina, Olga"]
[Result "1/2-1/2"]
[ECO "D15"]
[WhiteElo "2097"]
[BlackElo "2340"]
[Annotator "RC"]
[PlyCount "147"]
[EventDate "2022.07.29"]
[EventType "team-tourn"]
[EventCountry "IND"]
[SourceTitle "playchess.com"]
[Source "ChessBase"]
[SourceQuality "1"]
[WhiteTeam "Denmark"]
[BlackTeam "Italy"]
[WhiteTeamCountry "DEN"]
[BlackTeamCountry "ITA"]
[TimeControl "40/5400+30:1800+30"]

1. d4 d5 2. c4 c6 3. Nf3 Nf6 4. Nc3 a6 5. e3 b5 6. cxd5 cxd5 7. Bd3 e6 8. a3 Nbd7 9. O-O Bb7 10. Nd2 Rc8 11. e4 dxe4 12. Ndxe4 Be7 13. Re1 Nxe4 14. Bxe4 Bxe4 15. Nxe4 Nb6 16. Qg4 g6 17. Nc5 h5 18. Qe4 Qd5 19. Qxd5 Nxd5 20. Nxa6 O-O 21. Re2 Rc4 22. Be3 Ra8 23. Nc5 Nxe3 24. Rxe3 Rxd4 25. Nb3 Rc4 26. Kf1 Bf6 27. Re2 Rac8 28. Rd1 Kf8 29. g3 h4 30. Kg2 Ke8 31. h3 Ra8 32. Rc1 hxg3 33. fxg3 Rxc1 34. Nxc1 Rd8 35. Rc2 Rd1 36. b3 Bg5 37. Ne2 Be7 38. Nc3 Rd3 39. Nxb5 Rxb3 40. a4 Rb4 41. Rc8+ Kd7 42. Ra8 Bc5 43. h4 e5 44. Nc3 e4 45. Ra5 Kd6 46. Ra6+ Ke5 47. Ne2 Rb2 48. Kf1 Rb3 49. Ra5 Rf3+ 50. Ke1 Kd5 51. Kd2 Kc4 52. Ra8 Bb4+ 53. Kc2 Ra3 54. Rc8+ Bc5 55. Re8 f5 56. Re6 Ra2+ 57. Kd1 Ra1+ 58. Kc2 Ra2+ 59. Kd1 Rxa4 60. Rxg6 Kd3 61. Nf4+ Ke3 62. h5 Kf3 63. Rg5 Be3 64. Rxf5 Kxg3 65. Ne2+ Kg4 66. Re5 Ra1+ 67. Kc2 Ra2+ 68. Kd1 Ra1+ 69. Kc2 Kf3 70. Nc3 Rc1+ 71. Kb2 Rh1 72. Rxe4 Rxh5 73. Kb3 Rh3 74. Rc4 1/2-1/2

[Event "44th Chess Olympiad Women 2022"]
[Site "Chennai"]
[Date "2022.08.02"]
[Round "5.20"]
[White "Raccanello, Marianna"]
[Black "Kakulidis, Ellen"]
[Result "1/2-1/2"]
[ECO "C54"]
[WhiteElo "2067"]
[BlackElo "2057"]
[Annotator "NA RC"]
[PlyCount "67"]
[EventDate "2022.07.29"]
[EventType "team-tourn"]
[EventCountry "IND"]
[SourceTitle "playchess.com"]
[Source "ChessBase"]
[SourceQuality "1"]
[WhiteTeam "Italy"]
[BlackTeam "Denmark"]
[WhiteTeamCountry "ITA"]
[BlackTeamCountry "DEN"]
[TimeControl "40/5400+30:1800+30"]

1. e4 e5 2. Nf3 Nc6 3. Bc4 Bc5 4. c3 Nf6 5. d3 d6 6. O-O a5 7. Nbd2 Ba7 8. Re1 Be6 9. Bb5 O-O 10. h3 Ne7 11. d4 Ng6 12. Nf1 c6 13. Ba4 h6 14. Ng3 Qc7 15. Bc2 Rfe8 16. Be3 b5 17. Qd2 Rad8 18. Nf5 d5 19. Bxh6 Nxe4 20. Bxe4 dxe4 21. Nxg7 exf3 22. Nxe8 Rxe8 23. Rxe5 Bb8 24. g3 Qe7 25. Re4 Qf6 26. Rae1 Qf5 27. g4 Qd5 28. Qe3 Qd6 29. Re5 Qd7 30. Re4 Qc7 31. Re5 Qd7 32. Re4 Qc7 33. Re5 Qd7 34. Re4 1/2-1/2

[Event "44th Chess Olympiad Women 2022"]
[Site "Chennai"]
[Date "2022.08.02"]
[Round "5.20"]
[White "Steffensen, Elena"]
[Black "Cassi, Elisa"]
[Result "1-0"]
[ECO "C84"]
[WhiteElo "2044"]
[BlackElo "1922"]
[Annotator "NA RC"]
[PlyCount "75"]
[EventDate "2022.07.29"]
[EventType "team-tourn"]
[EventCountry "IND"]
[SourceTitle "playchess.com"]
[Source "ChessBase"]
[SourceQuality "1"]
[WhiteTeam "Denmark"]
[BlackTeam "Italy"]
[WhiteTeamCountry "DEN"]
[BlackTeamCountry "ITA"]
[TimeControl "40/5400+30:1800+30"]

1. e4 e5 2. Nf3 Nc6 3. Bb5 a6 4. Ba4 Nf6 5. d4 exd4 6. O-O Be7 7. e5 Ne4 8. Nxd4 O-O 9. Nxc6 dxc6 10. c3 Bc5 11. Qxd8 Rxd8 12. Bc2 Bf5 13. Bxe4 Bxe4 14. Nd2 Bd3 15. Re1 a5 16. Nb3 Be7 17. Bf4 a4 18. Nd4 c5 19. Nf3 Bc4 20. Nd2 Be6 21. Ne4 h6 22. Be3 Ra5 23. f4 Rb5 24. Re2 Bg4 25. Rf2 Rd3 26. Re1 Be6 27. f5 Bd5 28. f6 Bd8 29. c4 Rb4 30. Nxc5 Rxe3 31. Rxe3 Rxc4 32. Nd3 c6 33. e6 Bxe6 34. Rxe6 fxe6 35. f7+ Kf8 36. Kf1 Bf6 37. h3 Kxf7 38. Ne5+ 1-0

[Event "44th Chess Olympiad Women 2022"]
[Site "Chennai"]
[Date "2022.08.02"]
[Round "5.21"]
[White "Unuk, Laura"]
[Black "Machlik, Monika"]
[Result "1-0"]
[ECO "A04"]
[WhiteElo "2340"]
[BlackElo "2111"]
[Annotator "RC"]
[PlyCount "59"]
[EventDate "2022.07.29"]
[EventType "team-tourn"]
[EventCountry "IND"]
[SourceTitle "playchess.com"]
[Source "ChessBase"]
[SourceQuality "1"]
[WhiteTeam "Slovenia"]
[BlackTeam "Norway"]
[WhiteTeamCountry "SLO"]
[BlackTeamCountry "NOR"]
[TimeControl "40/5400+30:1800+30"]

1. e4 c5 2. Nc3 Nc6 3. g3 g6 4. Bg2 Bg7 5. Nf3 e6 6. O-O Nge7 7. Re1 e5 8. d3 d6 9. Nd2 O-O 10. Nc4 a6 11. a4 Be6 12. Nd5 Rb8 13. a5 Nd4 14. c3 Nb5 15. f4 Nc7 16. Ncb6 Nc8 17. Be3 Nxb6 18. Nxb6 Nb5 19. fxe5 Bxe5 20. Qd2 Bg7 21. Rf1 Nc7 22. Bg5 f6 23. Bf4 Qe7 24. Rae1 Qd8 25. d4 cxd4 26. Qxd4 Nb5 27. Qd2 g5 28. Be3 Qc7 29. c4 Na7 30. Nd5 1-0

[Event "44th Chess Olympiad Women 2022"]
[Site "Chennai"]
[Date "2022.08.02"]
[Round "5.21"]
[White "Vidic, Teja"]
[Black "Stanford, Sheila Barth"]
[Result "1/2-1/2"]
[ECO "B27"]
[WhiteElo "2099"]
[BlackElo "2097"]
[Annotator "NA"]
[PlyCount "73"]
[EventDate "2022.07.29"]
[EventType "team-tourn"]
[EventCountry "IND"]
[SourceTitle "playchess.com"]
[Source "ChessBase"]
[SourceQuality "1"]
[WhiteTeam "Slovenia"]
[BlackTeam "Norway"]
[WhiteTeamCountry "SLO"]
[BlackTeamCountry "NOR"]
[TimeControl "40/5400+30:1800+30"]

1. e4 c5 2. Nf3 g6 3. c3 d5 4. e5 Bg4 5. d4 Bxf3 6. Qxf3 Nc6 7. Bb5 e6 8. O-O Rc8 9. Bf4 Bg7 10. dxc5 Nge7 11. Nd2 O-O 12. Rfe1 a5 13. Nb3 Qc7 14. Qe2 Ra8 15. a4 Nb8 16. h4 Nd7 17. Bxd7 Qxd7 18. h5 Rfb8 19. Qd2 b5 20. cxb6 Rxb6 21. Nd4 Nf5 22. Nxf5 exf5 23. b4 axb4 24. cxb4 Rxa4 25. Rxa4 Qxa4 26. Qxd5 Qxb4 27. Rd1 gxh5 28. Be3 Rb8 29. e6 Qe7 30. Qxf5 Qxe6 31. Qxh5 h6 32. Bf4 Rb2 33. Be3 Qg6 34. Qf3 Rb1 35. Rxb1 Qxb1+ 36. Kh2 Qg6 37. g3 1/2-1/2

[Event "44th Chess Olympiad Women 2022"]
[Site "Chennai"]
[Date "2022.08.02"]
[Round "5.21"]
[White "Machlik, Edit"]
[Black "Urh, Zala"]
[Result "1/2-1/2"]
[ECO "E36"]
[WhiteElo "2084"]
[BlackElo "2321"]
[Annotator "RC"]
[PlyCount "85"]
[EventDate "2022.07.29"]
[EventType "team-tourn"]
[EventCountry "IND"]
[SourceTitle "playchess.com"]
[Source "ChessBase"]
[SourceQuality "1"]
[WhiteTeam "Norway"]
[BlackTeam "Slovenia"]
[WhiteTeamCountry "NOR"]
[BlackTeamCountry "SLO"]
[TimeControl "40/5400+30:1800+30"]

1. d4 Nf6 2. c4 e6 3. Nc3 Bb4 4. Qc2 O-O 5. a3 Bxc3+ 6. Qxc3 d5 7. Nf3 dxc4 8. Qxc4 b6 9. Bg5 Ba6 10. Qa4 h6 11. Bxf6 Qxf6 12. e3 Bxf1 13. Kxf1 c5 14. Rc1 Rd8 15. Ke2 cxd4 16. Nxd4 Nd7 17. Rhd1 Nc5 18. Qc2 e5 19. Nb3 Ne6 20. Rxd8+ Rxd8 21. Rd1 Rxd1 22. Qxd1 e4 23. Qc2 Qe5 24. Nd2 f5 25. b4 a5 26. h3 Kf7 27. Qc8 axb4 28. axb4 Kf6 29. Qc6 Qc7 30. Qxc7 Nxc7 31. Nc4 b5 32. Na3 Nd5 33. Nxb5 Nxb4 34. Nd4 g5 35. f3 exf3+ 36. Kxf3 Nd3 37. g4 f4 38. exf4 Nxf4 39. Kg3 h5 40. gxh5 Nxh5+ 41. Kg4 Nf4 42. h4 gxh4 43. Kxh4 1/2-1/2

[Event "44th Chess Olympiad Women 2022"]
[Site "Chennai"]
[Date "2022.08.02"]
[Round "5.21"]
[White "Ayzenberg, Alena"]
[Black "Rozman, Monika"]
[Result "1-0"]
[ECO "E01"]
[WhiteElo "2023"]
[BlackElo "2104"]
[Annotator "NA RC"]
[PlyCount "119"]
[EventDate "2022.07.29"]
[EventType "team-tourn"]
[EventCountry "IND"]
[SourceTitle "playchess.com"]
[Source "ChessBase"]
[SourceQuality "1"]
[WhiteTeam "Norway"]
[BlackTeam "Slovenia"]
[WhiteTeamCountry "NOR"]
[BlackTeamCountry "SLO"]
[TimeControl "40/5400+30:1800+30"]

1. d4 d5 2. c4 c6 3. Nf3 Nf6 4. g3 e6 5. Bg2 Nbd7 6. O-O Bd6 7. Nc3 O-O 8. Qc2 Re8 9. e4 dxe4 10. Nxe4 Nxe4 11. Qxe4 e5 12. d5 Nf6 13. Qc2 cxd5 14. cxd5 b6 15. Be3 Ba6 16. Rfd1 Qd7 17. Ng5 h6 18. Ne4 Nxe4 19. Qxe4 Rac8 20. Qh4 Qe7 21. Qg4 Rc2 22. Qa4 Rxb2 23. Qxa6 Bc5 24. Qd3 Rd8 25. Rdb1 Rxb1+ 26. Rxb1 Qd6 27. Bxc5 Qxc5 28. Qb5 Qxb5 29. Rxb5 f5 30. Bf1 Kf7 31. Rb2 Ke7 32. Bc4 e4 33. Rc2 a5 34. Bb3 g5 35. a4 Rd6 36. Rc7+ Kf6 37. Rh7 Ke5 38. Re7+ Kd4 39. Re6 Kc5 40. Kf1 h5 41. Ke2 Rd8 42. Rc6+ Kd4 43. Rxb6 f4 44. d6 f3+ 45. Kd2 e3+ 46. fxe3+ Ke4 47. Bc2+ Ke5 48. Ke1 g4 49. e4 Kd4 50. Rb5 f2+ 51. Kxf2 Kc3 52. Rc5+ Kd2 53. Bb3 Kd3 54. e5 Rf8+ 55. Kg2 Ke2 56. Rc2+ Ke1 57. Rc1+ Ke2 58. Bc4+ Ke3 59. Re1+ Kd4 60. Bb5 1-0

[Event "44th Chess Olympiad Women 2022"]
[Site "Chennai"]
[Date "2022.08.02"]
[Round "5.22"]
[White "Hakimifard, Ghazal"]
[Black "Vanduyfhuys, Daria"]
[Result "1/2-1/2"]
[ECO "B90"]
[WhiteElo "2296"]
[BlackElo "2094"]
[Annotator "RC"]
[PlyCount "234"]
[EventDate "2022.07.29"]
[EventType "team-tourn"]
[EventCountry "IND"]
[SourceTitle "playchess.com"]
[Source "ChessBase"]
[SourceQuality "1"]
[WhiteTeam "Switzerland"]
[BlackTeam "Belgium"]
[WhiteTeamCountry "SUI"]
[BlackTeamCountry "BEL"]
[TimeControl "40/5400+30:1800+30"]

1. e4 c5 2. Nf3 d6 3. d4 cxd4 4. Nxd4 Nf6 5. Nc3 a6 6. Be3 e5 7. Nf3 Be7 8. Bc4 O-O 9. O-O Be6 10. Bb3 h6 11. Qe2 Nc6 12. Rfd1 b5 13. Nd5 Bxd5 14. Bxd5 Nxd5 15. Rxd5 Qc7 16. c3 Qb7 17. Nd2 f5 18. f3 f4 19. Bf2 Rf6 20. a4 Rb8 21. b4 Bd8 22. Nb3 Ne7 23. Rd2 Qc6 24. axb5 axb5 25. Rd3 Ra8 26. Na5 Bxa5 27. bxa5 Ra6 28. Rdd1 Rf8 29. Qa2+ Kh7 30. Qe6 Nc8 31. Qd5 Qc4 32. Qb7 Rc6 33. a6 Rc7 34. Qd5 Na7 35. Qxd6 Re8 36. Bb6 Rf7 37. Qd5 Rc8 38. Qxe5 Qxc3 39. Bd4 Qc6 40. Bf2 Re8 41. Qd5 Re6 42. h4 Qe8 43. Qd8 Kg8 44. Qa5 Kh7 45. Rd5 Qc8 46. Rf5 Rc7 47. Kh2 Rd7 48. Rd5 Rf7 49. h5 Rc6 50. Qd8 Qe6 51. Qb8 Rc8 52. Qd6 Qxd6 53. Rxd6 Rc2 54. Bg1 Re7 55. Rad1 Ra2 56. Rd7 Rxd7 57. Rxd7 Nc6 58. Rd5 Rxa6 59. Rxb5 Ra2 60. Rf5 Kg8 61. Rxf4 Ne5 62. Bd4 Nd3 63. Rg4 Ra5 64. Rxg7+ Kf8 65. Rg3 Nf4 66. e5 Kf7 67. Rg4 Nxh5 68. Rh4 Kg6 69. Bc3 Rc5 70. Bd4 Rb5 71. Re4 Ng7 72. e6 Ne8 73. g4 h5 74. gxh5+ Rxh5+ 75. Kg3 Ra5 76. Rg4+ Kf5 77. Rg8 Ra8 78. e7 Rc8 79. Bb6 Ke6 80. Bd8 Kd7 81. Rg6 Rc1 82. Kf4 Re1 83. Rg2 Ke6 84. Rg6+ Kd7 85. Rg5 Ke6 86. Ba5 Rb1 87. Re5+ Kf7 88. Bd8 Nd6 89. Rd5 Ne8 90. Rd4 Re1 91. Kg5 Re5+ 92. Kh4 Rb5 93. Rf4+ Ke6 94. Rf8 Kd7 95. f4 Nd6 96. Kg4 Rb1 97. Rf6 Rg1+ 98. Kf3 Ne8 99. Ra6 Rf1+ 100. Kg4 Ng7 101. Kg5 Ne8 102. f5 Rg1+ 103. Kh6 Re1 104. f6 Re6 105. Rxe6 Kxe6 106. Kg6 Nxf6 107. Kg7 Ne8+ 108. Kf8 Kd7 109. Ba5 Ng7 110. Bb4 Ne6+ 111. Kf7 Nd8+ 112. Kf8 Ne6+ 113. Kg8 Ke8 114. Bd6 Nd4 115. Bc5 Nf5 116. Bb4 Nxe7+ 117. Bxe7 Kxe7 1/2-1/2

[Event "44th Chess Olympiad Women 2022"]
[Site "Chennai"]
[Date "2022.08.02"]
[Round "5.22"]
[White "Goossens, Hanne"]
[Black "Georgescu, Lena"]
[Result "1/2-1/2"]
[ECO "B13"]
[WhiteElo "2159"]
[BlackElo "2279"]
[Annotator "NA"]
[PlyCount "71"]
[EventDate "2022.07.29"]
[EventType "team-tourn"]
[EventCountry "IND"]
[SourceTitle "playchess.com"]
[Source "ChessBase"]
[SourceQuality "1"]
[WhiteTeam "Belgium"]
[BlackTeam "Switzerland"]
[WhiteTeamCountry "BEL"]
[BlackTeamCountry "SUI"]
[TimeControl "40/5400+30:1800+30"]

1. d4 Nf6 2. Nc3 d5 3. Bf4 c5 4. e3 cxd4 5. exd4 a6 6. Nf3 Nc6 7. Ne5 Bd7 8. Be2 e6 9. O-O Qb6 10. Nxc6 Bxc6 11. Rb1 Be7 12. Be5 Qa5 13. a3 b5 14. Qd3 b4 15. axb4 Qxb4 16. Qg3 O-O 17. Rfe1 g6 18. Bd3 Nd7 19. Ne2 Nxe5 20. dxe5 Qh4 21. Qe3 Rfb8 22. b3 a5 23. c3 Bd8 24. Nd4 Bb6 25. g3 Bxd4 26. cxd4 Qd8 27. Rec1 Bb5 28. Rc5 Bxd3 29. Qxd3 Rb4 30. Rbc1 Rab8 31. R1c3 a4 32. bxa4 Rxa4 33. Rc7 Ra3 34. Qc2 Rxc3 35. Qxc3 Qg5 36. Rc8+ 1/2-1/2

[Event "44th Chess Olympiad Women 2022"]
[Site "Chennai"]
[Date "2022.08.02"]
[Round "5.22"]
[White "De Seroux, Camille"]
[Black "Barbier, Astrid"]
[Result "0-1"]
[ECO "D02"]
[WhiteElo "2106"]
[BlackElo "1879"]
[Annotator "NA RC"]
[PlyCount "62"]
[EventDate "2022.07.29"]
[EventType "team-tourn"]
[EventCountry "IND"]
[SourceTitle "playchess.com"]
[Source "ChessBase"]
[SourceQuality "1"]
[WhiteTeam "Switzerland"]
[BlackTeam "Belgium"]
[WhiteTeamCountry "SUI"]
[BlackTeamCountry "BEL"]
[TimeControl "40/5400+30:1800+30"]

1. d4 d5 2. Bf4 e6 3. e3 Nf6 4. Nf3 c5 5. c3 Be7 6. Nbd2 O-O 7. Bd3 Nc6 8. h3 c4 9. Bc2 b5 10. Ne5 Bb7 11. Ndf3 b4 12. O-O Nd7 13. Nxd7 Qxd7 14. Qe2 f5 15. Ba4 Qd8 16. Bxc6 Bxc6 17. Ne5 Be8 18. Qf3 a5 19. Qg3 Bh4 20. Qh2 Bf6 21. Nf3 Rf7 22. Bd6 Rb7 23. Rab1 Bg6 24. Qf4 Ra6 25. Bc5 Qb8 26. Rfe1 Rc6 27. Kh1 h6 28. Rec1 Bh7 29. h4 Bg6 30. Re1 Bh5 31. g3 Qxf4 0-1